Map: Pendiente de Agustín EE

Players

Serena

  • Race: Terran Terran
  • Spawn Location: 11:00

Mandafaca

  • Race: Zerg Zerg
  • Spawn Location: 12:00

Saj

  • Race: Protoss Protoss
  • League: Gold
  • Spawn Location: 12:00

TATORREA

  • Race: Protoss Protoss
  • League: Silver
  • Spawn Location: 6:00

MrFercho

  • Race: Terran Terran
  • League: Silver
  • Spawn Location: 5:00

tigro

  • Race: Terran Terran
  • League: Bronze
  • Spawn Location: 6:00

VOD

Have the link to the VOD?

Description

Time

  • Played on: June 7, 2020, 5:40 p.m.
  • Length: 15:42
Show
View Real Time Build Order
Export as new Build Order

Serena Terran 

Build Orders:  

Get SALT Encoding   

  12  0:03  SCV  
  13  0:26  Supply Depot  
  13  0:27  SCV  
  14  0:49  Supply Depot, Refinery  
  14  0:56  Supply Depot  
  14  1:29  SCV  
  15  1:40  Supply Depot  
  15  1:41  SCV  
  15  1:42  Barracks  
  16  1:53  SCV  
  17  2:02  Supply Depot  
  17  2:05  SCV  
  18  2:12  Refinery  
  18  2:17  SCV  
  19  2:25  Supply Depot  
  20  2:30  SCV  
  20  2:32  Barracks Tech Lab  
  20  2:34  Engineering Bay  
  20  2:41  Factory  
  20  2:44  Orbital Command  
  20  3:15  Marine  
  20  3:16  Bunker  
  20  3:19  Combat Shield  
  21  3:33  Marine  
  22  3:50  Marine  
  22  3:52  Neosteel Armor  
  23  4:02  Factory Tech Lab  
  23  4:08  Marine  
  24  4:22  Barracks  
  24  4:26  Marine  
  25  4:33  Siege Tank  
  28  4:44  Marine  
  29  4:53  Missile Turret  
  29  5:02  Marine  
  30  5:13  Missile Turret  
  30  5:16  Barracks Reactor  
  30  5:19  Marine  
  31  5:23  Starport  
  31  5:27  Siege Tank  
  34  5:32  Terran Infantry Armor Level 1  
  34  5:33  Missile Turret  
  34  5:37  Marine  
  35  5:55  Marine  
  36  6:07  Command Center  
  36  6:08  Siege Tank  
  39  6:13  Marine  
  39  6:16  Marine x2  
  42  6:31  Marine  
  43  6:34  Marine x2  
  43  6:39  Missile Turret  
  45  6:49  Starport Tech Lab  
  45  6:52  Marine x2  
  47  7:00  Missile Turret  
  47  7:03  Armory  
  47  7:09  Marine  
  48  7:16  SCV  
  48  7:21  Refinery  
  49  7:26  Terran Infantry Weapons Level 1  
  49  7:28  SCV  
  50  7:33  Marine x3  
  53  7:40  SCV  
  54  7:49  Missile Turret  
  54  8:03  Fusion Core  
  54  8:15  Medivac, Missile Turret  
  56  8:21  SCV  
  57  8:42  Starport  
  57  8:43  Marine x2  
  59  9:00  Marine x2  
  61  9:15  SCV  
  62  9:21  Hi-Sec Auto Tracking  
  62  9:25  Barracks Reactor  
  62  9:27  SCV  
  63  9:37  Medivac x2  
  67  9:39  SCV  
  68  9:50  Starport  
  68  9:51  SCV  
  69  9:56  Siege Tank  
  72  10:03  SCV  
  73  10:11  Missile Turret  
  73  10:25  Sensor Tower  
  73  10:33  Missile Turret, Starport Tech Lab  
  73  10:53  Viking x2, Missile Turret  
  77  11:14  Missile Turret  
  77  11:17  Supply Depot  
  77  11:36  Missile Turret  
  77  11:39  Viking  
  79  11:40  Supply Depot  
  79  11:41  Terran Vehicle And Ship Armor Level 1  
  79  11:44  Weapon Refit  
  79  11:51  Marine x3  
  79  11:52  Marine  
  83  12:03  Supply Depot  
  83  12:09  Marine x4  
  87  12:16  Supply Depot  
  87  12:26  Supply Depot  
  87  12:27  Marine x4  
  91  12:39  Supply Depot  
  91  12:42  Battlecruiser  
  97  12:44  Marine  
  97  12:45  Marine x3  
  101  13:02  Supply Depot, Marine  
  101  13:03  Marine  
  103  13:20  Marine  
  103  13:21  Marine  
  103  13:24  Supply Depot  
  105  13:35  Terran Vehicle Weapons Level 1  
  105  13:38  Marine  
Show
View Real Time Build Order
Export as new Build Order

Mandafaca Zerg 

Build Orders: Hatch First, Muta Ling Bane 

Get SALT Encoding   

  12  0:01  Drone  
  13  0:08  Drone  
  14  0:21  Overlord  
  14  0:39  Drone x3  
  17  0:55  Hatchery  
  16  1:01  Drone  
  16  1:02  Drone  
  18  1:17  Spawning Pool  
  17  1:18  Extractor  
  17  1:20  Drone  
  17  1:23  Drone  
  18  1:34  Drone  
  19  1:48  Overlord  
  19  2:03  Queen  
  19  2:05  Zergling x2  
  19  2:07  Zergling x2  
  23  2:09  Queen, Drone  
  26  2:19  Metabolic Boost  
  26  2:23  Zergling x2  
  26  2:27  Drone  
  28  2:31  Drone  
  28  2:35  Drone  
  30  2:43  Drone  
  31  3:00  Lair  
  31  3:04  Drone x2  
  33  3:07  Drone x2  
  33  3:08  Drone  
  36  3:13  Overlord  
  36  3:14  Overlord  
  36  3:22  Extractor  
  35  3:36  Spore Crawler  
  35  3:38  Spore Crawler  
  35  3:39  Drone x4  
  35  3:40  Drone x3  
  40  3:46  Extractor  
  39  3:48  Drone x2  
  39  3:49  Drone x2  
  43  4:11  Overseer  
  43  4:17  Drone x2  
  43  4:18  Drone x3  
  48  4:26  Spire  
  48  4:28  Drone x3  
  48  4:29  Drone x2  
  52  4:32  Extractor  
  51  4:39  Drone  
  51  4:44  Baneling Nest  
  51  4:50  Drone  
  52  5:41  Zerg Flyer Weapons Level 1  
  52  5:43  Overlord x6  
  52  5:44  Overlord  
  52  5:59  Hatchery, Centrifical Hooks  
  52  6:01  Zergling x6  
  52  6:02  Zergling x16  
  62  6:05  Mutalisk  
  64  6:13  Mutalisk  
  66  6:20  Pneumatized Carapace  
  66  6:22  Evolution Chamber  
  65  6:25  Baneling  
  65  6:26  Baneling x8  
  65  6:27  Baneling x7  
  65  6:31  Mutalisk x2  
  69  6:41  Spore Crawler  
  69  6:42  Spore Crawler  
  69  6:43  Mutalisk x2  
  71  6:48  Drone  
  71  6:50  Drone x4  
  76  6:55  Mutalisk  
  78  7:03  Drone  
  78  7:07  Drone x3  
  78  7:08  Drone x3  
  85  7:19  Drone  
  85  7:22  Queen, Drone  
  87  8:03  Mutalisk  
  87  8:04  Mutalisk x6  
  101  8:26  Mutalisk x2  
  99  8:50  Mutalisk x2  
  101  8:59  Hydralisk Den  
  101  9:01  Zergling x2  
  101  9:02  Zergling x14  
  108  9:10  Spine Crawler x2  
  108  9:11  Spine Crawler  
  108  9:12  Spine Crawler  
  108  9:13  Drone  
  108  9:14  Drone  
  108  9:15  Extractor, Drone x2  
  108  9:16  Extractor  
  106  9:34  Drone x5  
  106  9:35  Drone  
  106  9:37  Overlord x5  
  98  10:26  Mutalisk x4  
  98  10:27  Mutalisk x6  
  100  10:48  Zergling x18  
  100  10:49  Zergling x6  
  112  10:51  Zerg Melee Weapons Level 1, Hatchery  
  112  10:56  Overlord  
  111  10:57  Overlord  
  107  11:14  Baneling x4  
  107  11:15  Baneling x8  
  107  11:16  Baneling x3  
  107  11:17  Mutalisk x3  
  113  11:23  Drone x3  
  101  11:50  Mutalisk x5  
  103  11:55  Zergling x2  
  103  11:56  Zergling x20  
  109  12:09  Mutalisk x3  
  113  12:18  Mutalisk  
  113  12:19  Mutalisk  
  117  12:28  Zergling x2  
  117  12:29  Zergling x18  
  121  12:31  Drone  
  121  12:32  Queen, Drone x2  
  120  12:40  Zergling x12  
  120  12:41  Zergling x2  
  121  12:48  Baneling  
  121  12:49  Baneling x8  
  121  12:50  Baneling x8  
  121  12:51  Baneling x2  
  121  12:54  Zergling x10  
  118  13:13  Corruptor x4  
  122  13:22  Zergling x14  
  125  13:33  Drone  
  124  13:34  Drone x3  
  124  13:35  Drone x7  
  131  13:46  Drone  
  124  13:52  Spine Crawler  
  120  14:01  Drone x2, Infestation Pit  
  116  14:05  Extractor  
  116  14:06  Extractor  
  97  14:31  Drone x5  
  91  14:37  Drone x4  
  91  14:38  Drone x6  
  104  14:44  Hydralisk  
  104  14:45  Hydralisk x10  
  114  14:52  Spine Crawler  
  122  14:55  Zergling x6  
  122  14:58  Spine Crawler  
  123  15:00  Spore Crawler  
  123  15:01  Spore Crawler  
  123  15:04  Overseer  
  123  15:05  Overseer  
  118  15:24  Drone  
  120  15:40  Extractor, Hatchery  
Show
View Real Time Build Order
Export as new Build Order

Saj Protoss 

Build Orders: Double Forge 

Get SALT Encoding   

  12  0:03  Probe (Chrono Boost)  
  13  0:13  Probe (Chrono Boost)  
  14  0:19  Probe  
  15  0:46  Pylon  
  15  0:54  Assimilator  
  15  0:57  Assimilator  
  15  1:04  Probe  
  16  1:12  Gateway  
  16  1:16  Probe (Chrono Boost)  
  17  1:19  Pylon  
  17  1:28  Probe (Chrono Boost)  
  18  1:36  Probe (Chrono Boost)  
  19  1:42  Probe  
  20  1:54  Probe  
  20  2:00  Cybernetics Core  
  21  2:06  Probe  
  22  2:14  Nexus  
  22  2:29  Forge  
  22  2:36  Warp Gate  
  22  2:41  Robotics Facility  
  22  2:46  Gateway, Pylon  
  22  2:53  Probe (Chrono Boost)  
  23  3:03  Probe (Chrono Boost)  
  24  3:08  Probe (Chrono Boost)  
  25  3:19  Probe  
  26  3:28  Warp Prism  
  26  3:31  Probe  
  26  3:34  Stalker x2  
  31  3:41  Twilight Council  
  33  3:45  Probe x2  
  35  3:57  Probe x2  
  35  4:02  Gateway  
  37  4:14  Warp Prism  
  37  4:15  Blink (Chrono Boost)  
  39  4:29  Forge  
  39  4:31  Forge  
  39  4:34  Probe x2  
  41  4:46  Assimilator  
  41  4:47  Assimilator, Probe  
  41  4:48  Probe  
  43  5:07  Robotics Bay  
  43  5:08  Pylon  
  43  5:09  Pylon  
  43  5:16  Pylon x2  
  43  5:22  Probe x2  
  45  5:34  Probe x2  
  47  5:44  Gateway  
  47  5:46  Gateway, Probe  
  48  5:53  Gateway  
  48  5:54  Gateway  
  48  6:02  Probe x2  
  50  6:09  Stalker x3  
  56  6:14  Probe x2  
  58  6:29  Protoss Ground Armor Level 1, Protoss Ground Weapons Level 1, Protoss Shields Level 1  
  58  6:42  Colossus  
  64  6:58  Pylon  
  64  6:59  Pylon  
  64  7:01  Pylon  
  64  7:17  Stalker  
  64  7:18  Stalker x4  
  74  7:35  Colossus  
  78  7:57  Stalker x5  
  78  7:58  Stalker x2  
  52  8:36  Stalker  
  52  8:37  Stalker x6  
  66  8:49  Colossus  
  72  9:05  Stalker x4  
  72  9:06  Stalker  
  82  9:37  Stalker  
  82  9:38  Stalker x6  
  92  9:42  Colossus  
  102  10:02  Stalker x4  
  110  10:18  Pylon x2  
  110  10:20  Pylon  
  108  10:44  Stalker x4  
  108  10:45  Stalker x3  
  106  11:56  Stalker x3  
  106  11:57  Stalker x4  
  96  12:40  Stalker  
  96  12:41  Stalker x5  
  96  12:42  Stalker  
  90  13:00  Warp Prism  
  92  13:36  Warp Prism  
  94  14:11  Colossus  
  94  14:13  Stalker x4  
  94  14:14  Stalker x3  
  120  15:07  Stalker x2  
  120  15:08  Stalker x5  
Show
View Real Time Build Order
Export as new Build Order

TATORREA Protoss 

Build Orders:  

Get SALT Encoding   

  12  0:04  Probe  
  13  0:24  Probe (Chrono Boost)  
  14  0:28  Pylon  
  14  0:34  Probe (Chrono Boost)  
  15  0:46  Probe  
  16  0:53  Gateway  
  16  0:58  Probe  
  16  1:03  Assimilator  
  17  1:07  Pylon  
  17  1:12  Probe  
  18  1:24  Probe  
  19  1:26  Assimilator  
  19  1:36  Probe  
  19  1:39  Gateway  
  20  1:42  Gateway  
  20  1:48  Probe  
  21  2:00  Probe  
  22  2:10  Cybernetics Core  
  22  2:17  Probe  
  23  2:27  Nexus  
  23  2:37  Pylon  
  23  2:42  Probe  
  24  2:45  Warp Gate (Chrono Boost)  
  24  2:55  Forge  
  24  3:01  Pylon, Probe, Zealot  
  27  3:13  Probe  
  28  3:25  Probe, Zealot  
  31  3:54  Zealot (Chrono Boost)  
  31  3:59  Probe x2  
  31  4:00  Protoss Ground Weapons Level 1 (Chrono Boost)  
  35  4:19  Probe  
  35  4:20  Probe  
  37  4:34  Stalker x3  
  37  4:36  Probe  
  37  4:37  Probe  
  45  4:49  Pylon  
  45  4:52  Pylon, Probe x2  
  47  4:58  Pylon, Zealot  
  47  4:59  Zealot x2  
  53  5:02  Robotics Facility  
  53  5:04  Probe x2  
  55  5:12  Assimilator  
  55  5:16  Probe x2  
  57  5:25  Twilight Council  
  57  5:27  Stargate  
  57  5:28  Probe x2  
  59  5:40  Assimilator  
  59  5:41  Probe x2  
  61  5:45  Stalker x3  
  67  5:51  Observer  
  67  5:55  Probe  
  69  6:03  Protoss Air Weapons Level 1  
  69  6:13  Immortal  
  69  6:17  Stalker x2, Nexus  
  77  6:19  Stalker  
  77  6:21  Charge (Chrono Boost)  
  77  6:25  Protoss Ground Weapons Level 2 (Chrono Boost)  
  79  6:34  Oracle  
  82  6:42  Zealot x2  
  86  7:01  Pylon  
  86  7:04  Pylon  
  86  7:08  Pylon  
  86  7:11  Pylon  
  86  7:16  Pylon  
  86  7:19  Probe x2  
  88  7:23  Immortal  
  88  7:25  Zealot  
  88  7:26  Zealot x2  
  95  7:31  Probe x2  
  83  8:23  Probe x2  
  85  8:28  Stalker x3  
  89  8:35  Probe  
  89  8:38  Probe x2  
  92  8:47  Probe  
  93  8:50  Probe x2  
  95  8:59  Probe  
  97  9:02  Probe  
  97  9:03  Probe  
  97  9:07  Protoss Ground Weapons Level 3 (Chrono Boost)  
  98  9:11  Probe, Blink (Chrono Boost)  
  99  9:19  Void Ray  
  103  9:39  Probe  
  103  9:40  Probe x2  
  103  9:43  Assimilator  
  106  9:47  Assimilator  
  106  9:51  Probe  
  106  9:52  Probe x2  
  98  10:02  Phoenix  
  98  10:04  Probe x3  
  59  10:32  Stalker  
  59  10:34  Stalker  
  59  10:35  Stalker  
  49  10:51  Probe x3  
  52  11:01  Zealot x3  
  58  11:11  Gateway  
  58  11:12  Gateway  
  58  11:13  Gateway  
  58  11:17  Gateway  
  58  11:23  Stalker  
  58  11:24  Stalker x2  
  64  11:29  Void Ray (Chrono Boost)  
  64  11:31  Immortal  
  72  11:50  Protoss Ground Armor Level 1 (Chrono Boost)  
  72  11:51  Zealot  
  72  11:52  Zealot x2  
  78  12:09  Void Ray (Chrono Boost)  
  78  12:11  Stalker x2  
  78  12:12  Stalker x3  
  78  12:13  Stalker  
  68  12:45  Void Ray  
  29  13:28  Void Ray  
Show
View Real Time Build Order
Export as new Build Order

MrFercho Terran 

Build Orders:  

Get SALT Encoding   

  12  0:01  SCV  
  13  0:22  Supply Depot  
  13  0:25  SCV  
  14  0:37  SCV  
  15  0:54  Barracks  
  15  1:00  SCV  
  16  1:17  SCV  
  17  1:23  Command Center  
  17  1:30  SCV  
  18  1:36  Refinery  
  18  1:44  Barracks  
  18  1:50  Marine  
  19  1:58  Orbital Command  
  19  2:08  Marine  
  20  2:26  Marine  
  21  2:30  Refinery  
  21  2:32  Supply Depot  
  21  2:33  SCV  
  21  2:37  Orbital Command  
  22  2:42  Refinery  
  22  2:45  Barracks Tech Lab, SCV  
  22  2:48  Barracks Reactor  
  23  2:57  SCV  
  24  3:05  SCV  
  25  3:11  SCV  
  26  3:17  SCV  
  27  3:20  Factory  
  27  3:23  SCV  
  27  3:24  Combat Shield  
  28  3:28  Marauder  
  28  3:29  SCV  
  31  3:34  Marine x2  
  33  3:41  SCV  
  34  3:49  Marine  
  34  3:52  Marine x2  
  37  4:11  Factory Tech Lab  
  37  4:13  Starport  
  37  4:27  SCV x2  
  39  4:35  Refinery  
  42  4:38  Siege Tank  
  42  4:39  SCV x2  
  42  4:44  Marine x2  
  46  5:03  Supply Depot  
  46  5:04  Supply Depot  
  46  5:24  Marine x3  
  46  5:25  Siege Tank, SCV x2  
  46  5:27  Engineering Bay  
  54  5:28  Armory  
  54  5:37  SCV x2  
  54  5:42  Marine  
  56  5:49  Command Center, SCV x2  
  59  6:14  Sensor Tower  
  59  6:32  Missile Turret  
  59  6:45  Supply Depot  
  59  6:47  Supply Depot  
  59  7:00  Starport Tech Lab  
  59  7:05  Widow Mine  
  61  7:09  Supply Depot  
  61  7:10  Supply Depot  
  61  7:12  Orbital Command  
  61  7:26  Widow Mine  
  61  7:27  Missile Turret  
  48  7:48  Widow Mine  
  45  7:53  Drilling Claws  
  39  8:09  Widow Mine  
  41  8:31  Widow Mine  
  43  9:18  Thor  
  43  9:22  Viking  
  51  9:52  Viking  
  53  10:01  Thor  
  59  10:22  Viking  
  61  10:35  SCV  
  60  10:43  Marine x3  
  63  10:52  Viking  
  65  11:00  Marine  
  65  11:01  Marine x2  
  68  11:18  Marine  
  68  11:19  Marine x2  
  68  11:22  Viking  
  61  11:36  Marine x3  
  53  11:54  Marine  
  52  12:12  Thor  
  58  12:43  Viking  
  60  12:55  Thor  
  66  13:12  Viking  
  66  13:17  Marine x3  
  71  13:23  SCV  
  62  13:35  Marine x3, SCV  
  62  13:38  Thor  
  70  13:42  Viking  
  70  13:47  SCV  
  69  13:53  Marine x3  
  72  13:59  SCV  
  73  14:11  Marine x3, SCV  
  77  14:21  Thor  
  83  14:29  Marine  
Show
View Real Time Build Order
Export as new Build Order

tigro Terran 

Build Orders:  

Get SALT Encoding   

  12  0:03  SCV  
  13  0:15  SCV  
  14  0:30  SCV  
  14  0:31  Supply Depot  
  15  0:45  Refinery  
  15  0:52  SCV  
  16  0:58  Barracks  
  16  1:04  SCV  
  17  1:16  SCV  
  17  1:18  Refinery  
  18  1:28  SCV  
  19  1:36  Supply Depot  
  19  1:40  SCV  
  19  1:47  Marine  
  20  1:53  SCV  
  22  1:59  Barracks  
  22  2:04  Marine  
  23  2:13  Engineering Bay  
  23  2:14  SCV  
  24  2:22  Marine  
  24  2:26  SCV  
  26  2:38  SCV  
  26  2:40  Marine  
  28  2:48  Missile Turret  
  28  2:58  Marine  
  29  3:09  Missile Turret  
  29  3:11  Barracks Tech Lab  
  29  3:24  Barracks Tech Lab, Factory  
  29  3:28  Orbital Command  
  29  3:42  Missile Turret  
  29  3:47  Combat Shield  
  29  3:49  Stimpack  
  29  3:57  Marine x2  
  31  4:17  Factory Tech Lab  
  31  4:20  Missile Turret  
  31  4:23  Marine x2  
  33  4:31  Starport  
  33  4:42  Missile Turret  
  33  4:46  Siege Tank  
  36  5:05  Concussive Shells  
  36  5:09  Starport  
  36  5:10  Medivac  
  36  5:13  Missile Turret  
  38  5:18  Siege Tank  
  41  5:27  Infernal Pre-Igniter  
  41  5:32  Terran Infantry Weapons Level 1  
  41  5:46  Marine x2  
  43  6:04  Marine x2  
  45  6:21  Marine x2  
  47  6:46  Mag-Field Accelerator  
  47  6:47  Command Center  
  47  6:58  Missile Turret  
  47  7:00  Starport Tech Lab  
  47  7:02  Starport Tech Lab  
  47  7:15  Supply Depot  
  47  7:20  Missile Turret  
  47  7:36  Marine x2  
  49  7:39  Supply Depot  
  49  7:45  Missile Turret  
  49  7:54  Marine x2  
  51  8:07  Missile Turret  
  51  8:12  Marine x2  
  50  8:32  Missile Turret  
  42  8:50  Medivac  
  42  8:51  Medivac  
  46  8:59  Armory  
  46  9:24  Refinery  
  46  9:27  Refinery  
  46  9:32  Planetary Fortress  
  46  9:49  Fusion Core  
  46  10:51  Battlecruiser x2  
  58  11:06  SCV  
  56  11:18  SCV  
  47  11:21  Siege Tank  
  50  11:30  Marine, SCV  
  50  11:31  Marine  
  34  11:48  Marine x2  
  34  11:53  Siege Tank  
  35  11:55  Battlecruiser x2  
  47  12:06  Marine x2  
  48  12:15  Weapon Refit  
  31  12:24  Marine  
  12  12:59  Viking, Medivac  
  10  13:55  Rapid Reignition System  
Tags
 
Add a new tag
Caveats
  • Supply blocks, unpowered buildings, or Contaminate may cause inaccurate times.
  • Supply counts are checked every 10 seconds.